 Dungeon Crawl Stone Soup version 0.28.0-43-g3370ac3207 (webtiles) character file.

Game seed: 16977114087818824545

5155 pkoi the Zephyrmancer (level 10, -9/70 HPs)
             Began as a Demigod Air Elementalist on Mar 29, 2022.
             Mangled by a death knight
             ... wielding a +0 halberd
              (10 damage)
             ... on level 7 of the Dungeon.
             The game lasted 00:23:46 (15190 turns).

pkoi the Zephyrmancer (Demigod Air Elementalist)   Turns: 15190, Time: 00:23:47

Health: -9/70      AC:  3    Str: 13    XL:     10   Next: 12%
Magic:  4/22       EV: 12    Int: 25    God:
Gold:   460        SH:  5    Dex: 14    Spells: 5/21 levels left

rFire   + . .      SeeInvis .   s - +1 spear (venom)
rCold   . . .      Faith    .   (no shield)
rNeg    . . .      Spirit   .   E - +1 robe {Will+}
rPois   +          Reflect  +   (no helmet)
rElec   .          Harm     .   (no cloak)
rCorr   .          Rampage  .   (no gloves)
Will    ++...                   (no boots)
Stlth   ++........              b - amulet of reflection
HPRegen 0.21/turn               o - ring of poison resistance
MPRegen 0.18/turn               y - ring of protection from fire

@: no status effects
A: high MP 1, forlorn, divine attributes
a: no special abilities


You were on level 7 of the Dungeon.
You visited 2 branches of the dungeon, and saw 10 of its levels.
You also visited: Sewer.

You collected 460 gold pieces.

Inventory:

Hand Weapons
 d - a +0 club of protection
 g - a +1 dagger of draining
 r - a +3 spear
 s - a +1 spear of venom (weapon)
 A - a +7 whip of flaming
 G - a +1 dagger of venom
Missiles
 k - 17 poisoned darts
 t - a throwing net
Armour
 a - a +1 robe
 E - a +1 robe of willpower (worn)
Jewellery
 b - an amulet of reflection (around neck)
 o - a ring of poison resistance (left hand)
 y - a ring of protection from fire (right hand)
Wands
 n - a wand of acid (8)
 q - a wand of flame (21)
 F - a wand of paralysis (6)
 H - a wand of iceblast (4)
Scrolls
 f - 4 scrolls of teleportation
 h - 2 scrolls of fear {unknown}
 i - a scroll of magic mapping
 j - 3 scrolls of identify
 l - 2 scrolls of enchant armour
 m - a scroll of torment {unknown}
 u - a scroll of fog {unknown}
 v - a scroll of vulnerability {unknown}
 w - 4 scrolls of enchant weapon
Potions
 c - 2 potions of attraction
 e - 5 potions of curing
 p - 2 potions of brilliance {unknown}
 x - 2 potions of cancellation {unknown}
 z - a potion of haste {unknown}
 B - 2 potions of flight {unknown}
 C - 2 potions of heal wounds {unknown}
 D - 2 potions of berserk rage


   Skills:
 + Level 0.6 Fighting
 + Level 2.1 Dodging
 - Level 1.7 Stealth
 + Level 0.8 Unarmed Combat
 + Level 6.0 Spellcasting
 + Level 3.3 Conjurations
 + Level 4.9 Summonings
 - Level 3.0 Translocations
 + Level 8.9 Air Magic
 - Level 3.0 Poison Magic
 + Level 4.8 Evocations


You had 5 spell levels left.
You knew the following spells:

 Your Spells              Type           Power      Damage    Failure   Level
a - Shock                 Conj/Air       100%       1d9       1%          1
b - Static Discharge      Conj/Air       38%        N/A       1%          2
c - Swiftness             Air            51%        N/A       1%          3
d - Airstrike             Air            25%        N/A       1%          4
e - Call Canine Familiar  Summ           32%        N/A       3%          3
f - Poisonous Vapours     Pois/Air       74%        N/A       1%          2
g - Apportation           Tloc           44%        N/A       2%          1

Your spell library contained the following spells:

 Spells                   Type           Power      Damage    Failure   Level
 Summon Small Mammal      Summ           100%       N/A       1%          1
 Sting                    Tmut/Pois      60%        1d6       4%          1
 Animate Skeleton         Necr           14%        N/A       8%          1
 Summon Guardian Golem    Hex/Summ       19%        N/A       9%          3
 Portal Projectile        Hex/Tloc       30%        N/A       12%         3
 Lightning Bolt           Conj/Air       19%        1d33      17%         5
 Vampiric Draining        Necr           7%         2d6       22%         3
 Olgreb's Toxic Radiance  Pois           22%        N/A       22%         4
 Leda's Liquefaction      Hex/Erth       3%         N/A       58%         4
 Alistair's Intoxication  Tmut/Pois      10%        N/A       73%         5
 Simulacrum               Ice/Necr       3%         N/A       100%        6
 Maxwell's Capacitive Co  Air            25%        ∞         100%        8
 Summon Horrible Things   Summ           16%        N/A       100%        8


Dungeon Overview and Level Annotations

Branches:
Dungeon (9/15)             Temple (1/1) D:6            Lair (0/6) D:8
  Sewer (visited)
    Orc: D:9-12

Shops:
D:7 *

Annotations:
D:5 3 runed translucent doors, Gingerlord's ghost, amateur GrWn
D:6 2 runed translucent doors
D:9 1 runed translucent door


Innate Abilities, Weirdness & Mutations

You have an increased reservoir of magic. (+10% MP)
You shall have no god before yourself.
Your divine heritage dramatically boosts your attributes as you level up.


Message History

* * * LOW HITPOINT WARNING * * *
Aiming: Airstrike (dangerous; 1% risk of failure)
Press: ? - help, Q - select action, (/) - cycle Dir - move target, f/p - death knight
Aim: a death knight, wielding a +0 halberd and wearing a +0 chain mail (heavily wounded, very poisoned, empty space bonus: 3/8)
The air twists around and strikes the death knight!
The death knight is heavily wounded.
The death knight calls down the wrath of Yredelemnul upon you.
Your body is wracked with pain!
* * * LOW HITPOINT WARNING * * *
An orc priest comes into view.
It is wielding a staff of conjuration and wearing a +2 chain mail of cold resistance.
The orc priest shouts!
Aiming: Airstrike (dangerous; 1% risk of failure)
Press: ? - help, Q - select action, (/) - cycle Dir - move target, f/p - death knight
Aim: a death knight, wielding a +0 halberd and wearing a +0 chain mail (severely wounded, very poisoned, empty space bonus: 3/8)
The air twists around and strikes the death knight!
The death knight is severely wounded.
The orc priest looks encouraged for a moment.
Aiming: Airstrike (dangerous; 1% risk of failure)
Press: ? - help, Q - select action, (/) - cycle Dir - move target, f/p - death knight
Aim: a death knight, wielding a +0 halberd and wearing a +0 chain mail (severely wounded, very poisoned, empty space bonus: 5/8)
The air twists around and strikes the death knight.
The death knight is severely wounded.
The death knight hits you from afar with a +0 halberd!
* * * LOW HITPOINT WARNING * * *
The orc priest completely misses you.
Aiming: Airstrike (dangerous; 1% risk of failure)
Press: ? - help, Q - select action, (/) - cycle Dir - move target, f/p - death knight
Aim: a death knight, wielding a +0 halberd and wearing a +0 chain mail (severely wounded, poisoned, empty space bonus: 5/8)
The air twists around and strikes the death knight!
The death knight is almost dead.
The death knight closely misses you.
The orc priest hits you with a staff of conjuration.
* * * LOW HITPOINT WARNING * * *
Aiming: Airstrike (dangerous; 1% risk of failure)
Press: ? - help, Q - select action, (/) - cycle Dir - move target, f/p - death knight
Aim: a death knight, wielding a +0 halberd and wearing a +0 chain mail (almost dead, poisoned, empty space bonus: 5/8)
The air twists around and strikes the death knight!
The death knight is almost dead.
The death knight hits you from afar with a +0 halberd!
You die...

#........#.....#..####.#.#
###########.##.#..#
#.#.#####
#.F.......####.#.p...#
#.#.##.........#####.#
#...°.....###### #.#
#..#...##...# #p# ##
#........# #.#
#....#...##########.#
#.....o@.p..........#
#.....#...###########
#.....#.#.# #.......#.##
#.#.#.#.#..# #...#....#.#
#######..#.##
............#
.########.#.#


You could see a death knight (poisoned) and an orc priest.

Vanquished Creatures
  6 yaks
  4 wyverns
  A steam dragon (D:9)
  4 water moccasins
  2 sky beasts
  A black bear (D:5)
  A hornet zombie (D:4)
  2 ogres
  A necrophage (D:4)
  A centaur (D:5)
  A kobold brigand (D:8)
  3 gnoll sergeants
  7 bullfrogs
  A scorpion (D:8)
  A water moccasin zombie (D:5)
  8 wights
  A howler monkey (D:9)
  A bullfrog zombie (D:6)
  A centaur zombie (D:9)
  A bullfrog skeleton (D:7)
  3 hounds
  2 centaur skeletons (D:7)
  3 orc priests
  A gnoll shaman (D:5)
  2 jellies
  4 iguanas
  Ijyb (D:4)
  6 orc wizards
  A scorpion zombie (D:5)
  Natasha (thrice) (D:2)
  A howler monkey zombie (D:5)
  18 gnolls
  10 adders
  A shadow imp (D:7)
  3 ufetubi
  A worm (D:4)
  2 dart slugs
  27 orcs
  18 ball pythons
  19 endoplasms
  15 giant cockroaches
  5 goblins
  5 hobgoblins
  3 jackals (D:3)
  15 quokkas
  3 bats
  11 frilled lizards
  11 kobolds
  2 rats
244 creatures vanquished.

Vanquished Creatures (others)
  2 bushes (D:8)
  5 fungi (D:8)
  26 plants (D:8)
33 creatures vanquished.

Grand Total: 277 creatures vanquished

Notes
Turn   | Place    | Note
-------+----------+-------------------------------------------
     0 | D:1      | pkoi the Demigod Air Elementalist began the quest for the
                  | Orb.
     0 | D:1      | Reached XP level 1. HP: 14/14 MP: 5/5
   310 | D:1      | Reached skill level 3 in Air Magic
   715 | D:1      | Reached XP level 2. HP: 20/20 MP: 4/7
   963 | D:2      | Reached skill level 1 in Conjurations
  1205 | D:2      | Noticed Natasha
  1509 | D:2      | Killed Natasha
  1510 | D:2      | Reached XP level 3. HP: 12/26 MP: 3/9
  1547 | D:2      | Noticed Natasha
  1559 | D:2      | Killed Natasha
  1774 | D:2      | Got the Almanac of Creation and Sinister Secrets
  1778 | D:2      | Learned a level 2 spell: Static Discharge
  1782 | D:2      | Learned a level 3 spell: Swiftness
  1801 | D:2      | Reached XP level 4. HP: 33/33 MP: 7/10
  1914 | D:2      | Reached skill level 4 in Air Magic
  1930 | D:2      | Noticed Natasha
  1937 | D:2      | Killed Natasha
  2454 | D:3      | Found a glowing drain.
  2458 | D:3      | Reached XP level 5. HP: 19/38 MP: 9/12
  2590 | Sewer    | Entered a sewer
  4001 | Sewer    | Reached skill level 5 in Air Magic
  4001 | Sewer    | Reached XP level 6. HP: 14/45 MP: 7/13
  4260 | D:3      | Learned a level 4 spell: Airstrike
  5725 | D:4      | Reached XP level 7. HP: 50/50 MP: 8/15
  5775 | D:4      | Learned a level 3 spell: Call Canine Familiar
  5876 | D:4      | Reached skill level 6 in Air Magic
  6079 | D:5      | Entered Level 5 of the Dungeon
  6109 | D:5      | Reached skill level 1 in Summonings
  6587 | D:5      | Reached skill level 1 in Evocations
  6594 | D:5      | Noticed Ijyb
  7142 | D:4      | Killed Ijyb
  7941 | D:5      | Reached skill level 7 in Air Magic
  7941 | D:5      | Reached XP level 8. HP: 57/57 MP: 8/18
  8463 | D:5      | Found a runed translucent gate.
  8463 | D:5      | Found a runed translucent gate.
  8463 | D:5      | Found a runed translucent gate.
  8463 | D:5      | Noticed Gingerlord's ghost (amateur GrWn)
  9251 | D:6      | Found a runed translucent door.
  9253 | D:6      | Found a runed translucent door.
  9582 | D:6      | Found a staircase to the Ecumenical Temple.
  9591 | Temple   | Entered the Ecumenical Temple
 10195 | D:6      | Reached skill level 5 in Spellcasting
 10572 | D:7      | Reached skill level 8 in Air Magic
 10999 | D:7      | Found Gozag's Platinum Reserve.
 11063 | D:7      | Noticed a purple ugly thing
 11070 | D:7      | Noticed a boulder beetle
 11393 | D:6      | Learned a level 2 spell: Poisonous Vapours
 11434 | D:6      | Learned a level 1 spell: Apportation
 11523 | D:8      | Reached XP level 9. HP: 62/62 MP: 4/20
 11723 | D:8      | Reached skill level 1 in Translocations
 11723 | D:8      | Reached skill level 1 in Poison Magic
 13615 | D:8      | Found a staircase to the Lair.
 14273 | D:9      | Reached XP level 10. HP: 69/69 MP: 9/22
 14784 | D:9      | Found a runed translucent door.
 15144 | D:7      | Noticed a death knight
 15189 | D:7      | HP: 1/70 [orc priest/staff of conjuration (6)]
 15190 | D:7      | Mangled by a death knight

Illustrated notes

Levels and vault maps discovered:
D:1:      minmay_arrival_wavy_path, layout_basic,
          shapermc_ecumenical_altar_petra
D:2:      layout_rooms, minmay_tall_x, uniq_natasha
D:3:      layout_loops_ring, mainiacjoe_overflow_chevrons, tso_metal_star,
          gup_sewer_entry_bubbles
D:4:      layout_rooms, vehumet_altar_wand_db, mainiacjoe_overflow_tiny_flanked,
          mainiacjoe_overflow_six_doors_small
D:5:      layout_rooms, nicolae_yredelemnul_ghost_church, uniq_ijyb
D:6:      lemuel_insect_pit, layout_basic, lemuel_round_altar,
          minmay_temple_entry_fiery
D:7:      minmay_the_grid_octo_2x2 [minmay_the_grid_octo_fat_diamond,
          minmay_the_grid_octo_vomiting_pacman, minmay_the_grid_octo_clover_2,
          minmay_the_grid_octo_prize_square_snowflake], layout_basic,
          nicolae_gozag_zags_fifth_avenue, grunt_ministairs_10,
          serial_park_tiny_1
D:8:      layout_basic, mainiacjoe_overflow_alcove_2, minmay_lair_entry_grove,
          special_room [special_room_orc], fountainhead
D:9:      layout_basic, eat_drink_and_be_merry_uskayaw, nicolae_ru_awakened_eye,
          minmay_st_funbox
Temple:   pf_slimified_temple

Skill      XL: |  1  2  3  4  5  6  7  8  9 10 |
---------------+-------------------------------+-----
Air Magic      | 3 4 5 7 8 |  8.9
Spellcasting   | 2 3 4 5 6 |  6.0
Conjurations   | 1 2 3 |  3.3
Summonings     | 2 3 4 |  4.9
Evocations     | 1 3 4 |  4.8
Translocations | 2 3 |  3.0
Poison Magic   | 3 |  3.0
Dodging        | 2 |  2.1
Fighting       | |  0.6
Stealth        | |  1.7
Unarmed Combat | |  0.8

Action                   |  1- 3 |  4- 6 |  7- 9 | 10-12 || total
-------------------------+-------+-------+-------+-------++-------
Melee: Dagger            |       |    10 |     9 |       ||    19
       Whip              |       |       |    31 |       ||    31
       Spear             |       |       |    32 |     7 ||    39
       Punch             |       |       |     1 |       ||     1
 Cast: Shock             |    49 |   221 |    94 |       ||   364
       Airstrike         |       |       |   109 |    24 ||   133
       Poisonous Vapours |       |       |    11 |     3 ||    14
Evoke: Wand              |       |       |     3 |       ||     3
  Use: Scroll            |       |     8 |     1 |       ||     9
       Potion            |       |     2 |       |       ||     2
 Stab: Sleeping          |       |       |     1 |       ||     1
Armor: Robe              |     3 |     2 |    30 |       ||    35
Dodge: Dodged            |     9 |    32 |    98 |     7 ||   146
Block: Other             |       |     2 |    36 |     2 ||    40
